 Dungeon Crawl Stone Soup version 0.25-a0-1024-gbfbf38f2cb (webtiles) character file.

Game seed: 12620136845689024222, levelgen mode: classic

6 Amnesiac the Ducker (level 1, 0/12 HPs)
             Began as a Deep Elf Gladiator on May 12, 2020.
             Slain by a hobgoblin
             ... wielding a +0 club
              (1 damage)
             ... on level 2 of the Dungeon.
             The game lasted 00:00:31 (158 turns).

Amnesiac the Ducker (Deep Elf Gladiator)             Turns: 158, Time: 00:00:32

Health: 0/12       AC:  4    Str: 11    XL:     1   Next: 75%
Magic:  3/3        EV: 13    Int: 12    God:
Gold:   10         SH:  0    Dex: 16    Spells: 0/0 levels left

rFire    . . .     SeeInvis .   a - +0 quarterstaff
rCold    . . .     Gourm    .   (shield currently unavailable)
rNeg     . . .     Faith    .   b - +0 leather armour
rPois    .         Spirit   .   c - +0 helmet
rElec    .         Reflect  .   (no cloak)
rCorr    .         Harm     .   (no gloves)
MR       .....                  (no boots)
Stlth    +.........             (no amulet)
HPRegen  0.04/turn              (no ring)
MPRegen  0.08/turn              (no ring)

@: no status effects
A: no striking features
a: no special abilities


You were on level 2 of the Dungeon.
You were not hungry.

You visited 1 branch of the dungeon, and saw 2 of its levels.

You collected 10 gold pieces.

Inventory:

Hand Weapons
 a - a +0 quarterstaff (weapon)
Missiles
 d - 3 throwing nets (quivered)
Armour
 b - a +0 leather armour (worn)
 c - a +0 helmet (worn)
Scrolls
 e - a scroll of blinking {!r, unknown}
Comestibles
 f - 2 rations
 g - 6 chunks of flesh


   Skills:
 - Level 1.5 Fighting
 * Level 3.3 Staves
 - Level 2.0 Throwing
 + Level 0.4 Armour
 - Level 3.6 Dodging


You couldn't memorise any spells.
You didn't know any spells.
Your spell library was empty.

Dungeon Overview and Level Annotations

Branches:
Dungeon (2/15)

Altars:


Message History

You hit the goblin.
You kill the goblin!
A goblin comes into view. It is wielding a +0 dagger.
You swing at nothing.
You swing at nothing.
The goblin shouts!
You swing at nothing.
You swing at nothing.
You swing at nothing.
You barely miss the goblin. The goblin barely misses you.
You miss the goblin. The goblin barely misses you.
You barely miss the goblin. The goblin hits you with a +0 dagger.
You hit the goblin.
You kill the goblin!
Found a stone staircase leading down.
Items here: )) †† a +0 dagger; a +0 club; a rat corpse; a frilled lizard corpse You butcher the rat corpse.
g - 5 chunks of flesh (gained 1)
You butcher the frilled lizard corpse.
g - 6 chunks of flesh (gained 1)
Items here: )) ÷÷ a +0 dagger; a +0 club; a rat skeleton; a frilled lizard skeleton
Items here: )) ÷÷ a +0 dagger; a +0 club; a rat skeleton; a frilled lizard skeleton
Found a leather armour.
f - 2 rations (gained 1)
There is a stone staircase leading down here.
You climb downwards.
Found 10 gold pieces.
There is a stone staircase leading up here.
You now have 10 gold pieces.
You see here 4 stones.
Found a stone staircase leading up.
A rat comes into view.
Found a ration.
Found an escape hatch in the ceiling.
A bat, a giant cockroach and a hobgoblin come into view.
The hobgoblin hits you but does no damage.
You barely miss the hobgoblin.
The hobgoblin hits you but does no damage.
You hit the hobgoblin.
The hobgoblin is moderately wounded.
The hobgoblin hits you but does no damage.
You hit the hobgoblin but do no damage.
The hobgoblin is moderately wounded.
The hobgoblin hits you with a +0 club.
You closely miss the hobgoblin.
The hobgoblin is moderately wounded.
The hobgoblin hits you with a +0 club.
Ouch! That really hurt!
* * * LOW HITPOINT WARNING * * *
You completely miss the hobgoblin.
The hobgoblin is moderately wounded.
The rat bites you.
* * * LOW HITPOINT WARNING * * *
The hobgoblin hits you but does no damage.
You closely miss the giant cockroach. The rat bites you but does no damage.
The giant cockroach misses you. The hobgoblin misses you.
Unknown command.
You hit the hobgoblin but do no damage.
The hobgoblin is moderately wounded.
The giant cockroach barely misses you. The rat bites you but does no damage.
The hobgoblin hits you with a +0 club.
You die...

.%....... ...
##....... #..
........ ##..
...... #.<(
#..<# #...
##..<# ###...
#....##
###.....
#.#rs.##
#...##.#
#@#..####
#.####.#
#g##....###.#
#.#
#.#####.##..#
#.# #.#
#.#..## #.#
#.# #...## .#
#.# #..## #.#
#### #.#


You could see a giant cockroach, a hobgoblin and a rat.

Vanquished Creatures
  A bat (D:1)
  A hobgoblin (D:1)
  A frilled lizard (D:1)
  2 goblins (D:1)
  A rat (D:1)
6 creatures vanquished.

Notes
Turn   | Place    | Note
-------+----------+-------------------------------------------
     0 | D:1      | Amnesiac the Deep Elf Gladiator began the quest for the
                  | Orb.
     0 | D:1      | Reached XP level 1. HP: 12/12 MP: 3/3
   158 | D:2      | Slain by a hobgoblin

Illustrated notes

Levels and vault maps discovered:
D:1:      kennysheep_arrival_seaside, layout_loops_ring, minmay_cupped
D:2:      layout_rooms, marbit_many_paths, first_ration, minmay_quantized

Action                   || total
-------------------------++-------
Melee: Quarterstaff      ||    17
Armor: Leather armour    ||     3
Dodge: Dodged            ||     9

Table legend:
 A = Non-vault XP
 B = Vault XP
 C = Vault XP percentage of total XP
 D = Non-vault monster count
 E = Vault monster count
 F = Vault count percentage of total count
                 A         B        C        D         E       F
            +---------+---------+-------+---------+---------+-------
      Total |       9 |       0 |   0.0 |       6 |       0 |   0.0
            +---------+---------+-------+---------+---------+-------
        D:1 |       9 |       0 |   0.0 |       6 |       0 |   0.0
            +---------+---------+-------+---------+---------+-------
